 Dungeon Crawl Stone Soup version 0.27-a0-931-g5a74e75d8f (webtiles) character file.

Game seed: 3596486135782979269

32622 dickylongcocking the Thaumaturge (level 13, -5/102 HPs)
             Began as a Djinni Fire Elementalist on Apr 10, 2021.
             Was an Elder of Makhleb.
             Slain by a red devil
             ... wielding a +0 trident
             ... summoned by Frances
              (12 damage)
             ... on level 14 of the Dungeon.
             The game lasted 00:23:02 (21422 turns).

dickylongcocking the Thaumaturge (DjFE)            Turns: 21422, Time: 00:23:02

Health: -5/102     AC: 11    Str: 12    XL:     13   Next: 65%
Gold:   542        EV: 18    Int: 28    God:    Makhleb [****..] SH:  0 Dex: 19

rFire    + + .     SeeInvis .   b - +2 scimitar (flame)
rCold    x . .     Faith    .   (no shield)
rNeg     . . .     Spirit   .   Z - +2 ring mail of Elyvilon's Envy {rPois Str+5}
rPois    ∞         Reflect  .   U - +3 hat of Pondering {ponderous, Will+ MP+10 Int+5}
rElec    .         Harm     .   x - scarf {repulsion}
rCorr    +         Rampage  .   q - +0 pair of gloves
Will     ++...                  (boots unavailable)
Stlth    ++........             (no amulet)
HPRegen  0.27/turn              e - ring of resist corrosion
MPRegen  0.00/turn              l - +6 ring of dexterity

@: flying, repel missiles, slow
A: fire resistance 2, cold vulnerability 1, float, innate caster, hp casting,
extra vitality 1
a: Renounce Religion, Minor Destruction, Lesser Servant of Makhleb, Major
Destruction


You were on level 14 of the Dungeon.
You worshipped Makhleb.
Makhleb was greatly pleased with you.
You visited 2 branches of the dungeon, and saw 16 of its levels.

You collected 842 gold pieces.
You spent 300 gold pieces at shops.

Inventory:

Hand Weapons
 b - a +2 scimitar of flaming (weapon)
 t - a +0 dagger of venom
Missiles
 p - 6 curare-tipped darts
 V - 2 throwing nets
Armour
 a - a +0 robe
 q - a +0 pair of gloves (worn)
 u - a +2 robe of willpower
 x - a scarf of repulsion (worn)
 D - a +1 cloak of preservation
 O - a +1 helmet
 S - a +1 hat of willpower
 U - the +3 hat of Pondering (worn) {ponderous, Will+ MP+10 Int+5}
   (You took it off Gastronok on level 12 of the Dungeon)

   It affects your intelligence (+5).
   It affects your magic capacity (+10).
   It increases your willpower.
 X - the +2 scale mail of the Cricket {rF+}
   (You found it on level 12 of the Dungeon)

   It protects you from fire.
 Z - the +2 ring mail of Elyvilon's Envy (worn) {rPois Str+5}
   (You found it on level 13 of the Dungeon)

   It affects your strength (+5).
   It protects you from poison.
Magical Staves
 R - a staff of earth
Jewellery
 e - a ring of resist corrosion (left hand)
 l - a +6 ring of dexterity (right hand)
 N - a ring of positive energy
Wands
 f - a wand of flame (29)
 m - a wand of paralysis (21)
 A - a wand of charming (18)
 F - a wand of random effects (19)
 T - a wand of digging (5)
 Y - a wand of iceblast (8)
Scrolls
 c - 2 scrolls of fog
 d - 9 scrolls of teleportation
 g - a scroll of fear
 h - 2 scrolls of brand weapon
 j - 2 scrolls of enchant weapon
 n - 4 scrolls of identify
 w - 2 scrolls of enchant armour
 y - 2 scrolls of blinking {unknown}
 C - 3 scrolls of magic mapping {unknown}
 H - 3 scrolls of amnesia {unknown}
 I - 2 scrolls of silence
 K - a scroll of vulnerability {unknown}
 L - a scroll of torment {unknown}
 P - a scroll of acquirement {unknown}
 W - a scroll of noise {unknown}
Potions
 i - 2 potions of degeneration
 k - 3 potions of magic
 o - 2 potions of might
 r - 2 potions of resistance
 s - 4 potions of attraction
 v - 7 potions of curing
 z - a potion of invisibility
 B - 6 potions of haste
 E - a potion of brilliance
 J - a potion of lignification {unknown}
 M - a potion of mutation {unknown}
 Q - a potion of berserk rage {unknown}


   Skills:
 + Level 12.6 Fighting
 * Level 12.6 Dodging
 - Level 1.8 Stealth
 * Level 13.0 Spellcasting


You had 4 spell levels left.
You knew the following spells:

 Your Spells              Type           Power      Damage    Failure   Level
a - Foxfire               Conj/Fire      100%       2x1d9     1%          1
b - Conjure Flame         Conj/Fire      75%        6-21      1%          3
c - Inner Flame           Hex/Fire       75%        N/A       1%          3
d - Sticky Flame          Conj/Fire      75%        2d9       1%          4
e - Fireball              Conj/Fire      37%        3d15      1%          5
f - Sting                 Tmut/Pois      100%       1d8       1%          1
g - Wereblood             Tmut           75%        N/A       1%          2
h - Slow                  Hex            75%        N/A       1%          2
i - Gell's Gravitas       Tloc           37%        N/A       1%          3
j - Summon Forest         Summ/Tloc      37%        N/A       1%          5
k - Iskenderun's Battles  Conj           75%        2d12      1%          5
Your spell library was empty.

Dungeon Overview and Level Annotations

Branches:
Dungeon (15/15)            Temple (1/1) D:4            Lair (0/6) D:11
    Orc (0/2) D:10         Vaults (0/5) D:13
 Depths: D:15

Altars:
Ashenzari
Cheibriados
Elyvilon
Fedhas
Gozag
Hepliaklqana
Kikubaaqudgha
Makhleb
Nemelex Xobeh
Okawaru
Qazlal
Ru
Sif Muna
Trog
Uskayaw
Vehumet
Wu Jian
Xom
Yredelemnul
Zin
The Shining One
Beogh

Shops:
D:14 [

Annotations:
D:14 Frances


Innate Abilities, Weirdness & Mutations

You are immune to poison.
Your flesh is very heat resistant. (rF++)
You are vulnerable to cold. (rC-)
You float through the air rather than walking.
You learn spells naturally, not from books.
Your magical power is your life essence.
You have superior vitality. (+4 HP)


Message History

Unknown command.
Unknown command.
Casting: Fireball (mildly dangerous; 1% risk of failure)
Confirm with . or Enter, or press ? or * to list all spells.
Aiming: Fireball (mildly dangerous; 1% risk of failure)
Press: ? - help, Shift-Dir - straight line, f/p - Frances
Aim: Frances, wielding a +0 halberd and wearing a +0 chain mail (moderately wounded, fast)
The fireball explodes!
The fireball engulfs Frances!
Frances is moderately wounded.
Frances runs a finger over her scar.
Frances chants phrases taken from a devil's mouth.
The shard of ice hits you!!!
You feel a painful chill!
* * * LOW HITPOINT WARNING * * *
Frances mutters in a terrible tongue.
Unknown command.
Unknown command.
Aiming: Corrosive Bolt
Press: ? - help, Shift-Dir - straight line, f/p - Frances
Aim: Frances, wielding a +0 halberd and wearing a +0 chain mail (moderately wounded, fast, 21% to evade)
The bolt of acid hits Frances!
Frances is splashed with acid.
Frances is heavily wounded.
The bolt of acid misses the red devil.
The now-empty wand crumbles to dust.
Frances hits you from afar with a +0 halberd!
* * * LOW HITPOINT WARNING * * *
Unknown command.
Okay, then.
As you read the scroll of fear, it crumbles to dust.
You assume a fearsome visage.
Frances resists with some effort.
The red devil is unaffected.
Frances mutters in a terrible tongue.
The iron shot misses you. Frances hits you but does no damage.
The red devil hits you but does no damage.
Press: ? - help, v - describe, . - travel
Here: Frances, wielding a +0 halberd and wearing a +0 chain mail (heavily wounded, fast)
The floor.
Unknown command.
Okay, then.
Frances completely misses you.
The red devil hits you from afar with a +0 trident!
You die... ..c...+ ..... .cc

#'# #.# ##.# #.<#
########+### #####.####
#......@...####........#
#.>........##......>...#
#.....4@...#..#........#
#....∩.....# #.........
#(....!....# #......<.#
#..........# #.......)#
#..........+ ##########
#..........#


You could see Frances (fast) and a red devil (summoned).

Vanquished Creatures
  Gastronok (D:12)
  3 vault guards (D:13)
  A hydra (D:12)
  A boulder beetle (D:13)
  A catoblepas (D:13)
  Erica (D:8)
  A death knight (D:12)
  4 centaur warriors
  4 two-headed ogres
  A skeletal warrior (D:12)
  2 harpies (shapeshifter) (D:13)
  3 deep elf pyromancers
  An ugly thing (D:11)
  A manticore (D:13)
  Maurice (D:8)
  Joseph (D:9)
  2 gargoyles
  A kobold demonologist (D:12)
  A freezing wraith (D:12)
  A komodo dragon (D:12)
  2 trolls
  5 orc warriors
  A hornet (D:11)
  A centaur simulacrum (D:15)
  A vampire (D:9)
  17 yaks
  A wraith (D:11)
  8 humans (D:13)
  6 vampire mosquitoes
  A water moccasin (D:7)
  2 acid dragons (D:13)
  3 ice beasts
  3 sky beasts
  A necrophage (D:5)
  5 ogres
  10 centaurs
  3 kobold brigands
  A gnoll sergeant (D:8)
  2 scorpions (D:5)
  A wyvern zombie (D:9)
  A water moccasin zombie (D:5)
  A wyvern skeleton (D:6)
  A water moccasin skeleton (D:7)
  4 killer bees (D:8)
  4 howler monkeys
  3 wights (D:8)
  3 centaur zombies
  A jelly (D:6)
  5 orc priests
  2 hounds
  2 bullfrog skeletons (D:5)
  An orc wizard (D:5)
  5 iguanas
  2 howler monkey zombies
  5 gnolls (D:8)
  5 adders
  3 white imps
  2 ufetubi
  An adder skeleton (D:4)
  3 worms
  A dart slug (D:4)
  34 orcs
  4 endoplasms
  2 giant cockroaches (D:2)
  14 goblins
  9 hobgoblins
  3 jackals (D:2)
  24 kobolds
  6 quokkas
  5 ball pythons
  A bat (D:2)
  A frilled lizard (D:2)
  4 rats
268 creatures vanquished.

Vanquished Creatures (collateral kills)
  2 hydras (D:13)
  A skeletal warrior (D:12)
  An ugly thing (D:11)
  An unseen horror (D:12)
  5 yaks (D:11)
  A howler monkey (D:11)
  2 orc priests (D:11)
  An orc wizard (D:11)
  2 kobolds (D:9)
16 creatures vanquished.

Vanquished Creatures (others)
  The ghost of taxman66 the Cleaver, a novice DDFi (D:6)
  A human (D:13)
  462 foxfires
464 creatures vanquished.

Grand Total: 748 creatures vanquished

Notes
Turn   | Place    | Note
-------+----------+-------------------------------------------
     0 | D:1      | dickylongcocking the Djinni Fire Elementalist began the
                  | quest for the Orb.
     0 | D:1      | Reached XP level 1. HP: 15/15 MP: 0/0
   304 | D:1      | Found a faded altar of an unknown god.
   588 | D:1      | Reached skill level 3 in Spellcasting
   754 | D:1      | Reached XP level 2. HP: 17/21 MP: 0/0
  1106 | D:2      | HP: 1/21 [jackal (1)]
  1426 | D:2      | Reached skill level 1 in Fighting
  1426 | D:2      | Reached XP level 3. HP: 18/27 MP: 0/0
  1426 | D:2      | Learned a level 1 spell: Sting
  3136 | D:3      | Reached XP level 4. HP: 26/33 MP: 0/0
  4122 | D:4      | Reached XP level 5. HP: 32/40 MP: 0/0
  4122 | D:4      | Learned a level 2 spell: Wereblood
  4526 | D:4      | Found an iron altar of Okawaru.
  4795 | D:4      | Found a glowing silver altar of Zin.
  4836 | D:4      | Noticed an ogre
  4845 | D:4      | Killed an ogre
  4846 | D:4      | Reached skill level 4 in Spellcasting
  4846 | D:4      | Reached XP level 6. HP: 23/47 MP: 0/0
  5130 | D:4      | Found a staircase to the Ecumenical Temple.
  5136 | Temple   | Entered the Ecumenical Temple
  5217 | Temple   | Became a worshipper of Makhleb the Destroyer
  5281 | D:5      | Entered Level 5 of the Dungeon
  5409 | D:5      | Reached skill level 5 in Fighting
  5409 | D:5      | Reached XP level 7. HP: 19/54 MP: 0/0
  5409 | D:5      | Learned a level 2 spell: Slow
  6508 | D:5      | Reached skill level 5 in Spellcasting
  6757 | D:5      | Reached XP level 8. HP: 44/62 MP: 0/0
  6862 | D:5      | Found a blossoming altar of Fedhas.
  7660 | D:5      | Reached skill level 6 in Spellcasting
  8547 | D:6      | Found a runed translucent gate.
  8548 | D:6      | Found a runed translucent gate.
  8552 | D:6      | Reached * piety under Makhleb
  8642 | D:6      | Found a runed translucent gate.
  8644 | D:6      | Noticed taxman66's ghost (novice DDFi)
  9147 | D:6      | Reached skill level 7 in Spellcasting
  9561 | D:6      | Your ally taxman66 died
  9561 | D:6      | Killed an orc warrior
  9562 | D:6      | Reached XP level 9. HP: 38/70 MP: 0/0
  9562 | D:6      | Learned a level 3 spell: Gell's Gravitas
  9564 | D:6      | Reached skill level 8 in Spellcasting
  9599 | D:6      | Identified the +4 hand axe "With Two Names" {freeze, SInv}
 10320 | D:7      | Found an ornate altar of the Wu Jian Council.
 11264 | D:7      | Found a basalt altar of Yredelemnul.
 11264 | D:7      | Found a snail-covered altar of Cheibriados.
 11970 | D:8      | Reached ** piety under Makhleb
 11985 | D:8      | Reached XP level 10. HP: 61/77 MP: 0/0
 12126 | D:8      | Reached skill level 9 in Spellcasting
 12669 | D:8      | Noticed Maurice
 12686 | D:8      | Killed Maurice
 12687 | D:8      | Reached skill level 5 in Dodging
 12823 | D:8      | Found a broken altar of Ashenzari.
 12833 | D:8      | Found Moniyqao's Magic Scroll Emporium.
 12838 | D:8      | Bought a scroll of teleportation for 30 gold pieces
 12838 | D:8      | Bought a scroll of identify for 20 gold pieces
 12838 | D:8      | Bought a scroll of silence for 75 gold pieces
 12847 | D:8      | Bought a scroll of silence for 75 gold pieces
 12847 | D:8      | Bought a scroll of identify for 20 gold pieces
 12847 | D:8      | Bought 2 scrolls of identify for 40 gold pieces
 12847 | D:8      | Bought a scroll of identify for 20 gold pieces
 12847 | D:8      | Bought a scroll of identify for 20 gold pieces
 12882 | D:8      | Found a sacrificial altar of Ru.
 12950 | D:8      | Noticed Erica
 12954 | D:8      | Reached skill level 10 in Fighting
 12954 | D:8      | Reached skill level 10 in Spellcasting
 12954 | D:8      | Reached XP level 11. HP: 34/86 MP: 0/0
 12954 | D:8      | Learned a level 5 spell: Summon Forest
 13304 | D:8      | Killed Erica
 14373 | D:9      | You are sucked into a shaft and drop 2 floors!
 14391 | D:11     | Noticed a two-headed ogre
 14391 | D:11     | Noticed a two-headed ogre
 14410 | D:11     | Killed a two-headed ogre
 14544 | D:11     | Reached skill level 11 in Spellcasting
 14619 | D:11     | Noticed a purple ugly thing
 14632 | D:11     | Noticed a green ugly thing
 14637 | D:11     | Killed a purple ugly thing
 14644 | D:11     | Killed a green ugly thing
 14651 | D:11     | Killed a two-headed ogre
 14653 | D:11     | Found a staircase to the Lair.
 14939 | D:11     | Identified the +0 robe "Aphuf" {*Corrode Int+4 SInv}
 15370 | D:10     | Entered Level 10 of the Dungeon
 15371 | D:10     | Reached *** piety under Makhleb
 15373 | D:10     | Reached XP level 12. HP: 87/94 MP: 0/0
 15778 | D:10     | Found a staircase to the Orcish Mines.
 15821 | D:9      | Noticed a two-headed ogre
 15828 | D:9      | Killed a two-headed ogre
 15932 | D:9      | Noticed Joseph
 15941 | D:9      | Killed Joseph
 16888 | D:10     | Reached skill level 10 in Dodging
 17576 | D:12     | Noticed Gastronok
 17591 | D:12     | Killed Gastronok
 17602 | D:12     | Noticed a two-headed ogre
 17616 | D:12     | Killed a two-headed ogre
 17783 | D:12     | Identified Itseficwem's Incunabulum of Black Rites and
                  | Calling
 17796 | D:12     | Noticed a death knight
 17806 | D:12     | Killed a death knight
 17807 | D:12     | Reached skill level 12 in Spellcasting
 17890 | D:12     | Identified the +2 scale mail of the Cricket {rF+}
 18069 | D:12     | Noticed a sun demon
 18247 | D:12     | Noticed an eight-headed hydra
 18289 | D:12     | Killed an eight-headed hydra
 19329 | D:13     | Noticed a centaur warrior
 19338 | D:13     | Noticed a boulder beetle
 19339 | D:13     | Killed a centaur warrior
 19340 | D:13     | Reached XP level 13. HP: 61/101 MP: 0/0
 19340 | D:13     | Learned a level 5 spell: Iskenderun's Battlesphere
 20487 | D:13     | Reached **** piety under Makhleb
 20515 | D:13     | You are sucked into a shaft and drop 2 floors!
 20515 | D:15     | Entered Level 15 of the Dungeon
 21076 | D:13     | Noticed a vault guard
 21088 | D:13     | Killed a vault guard
 21096 | D:13     | Noticed a vault guard
 21100 | D:13     | Noticed a vault guard
 21103 | D:13     | Killed a vault guard
 21104 | D:13     | Reached skill level 13 in Spellcasting
 21109 | D:13     | Killed a vault guard
 21191 | D:13     | Found a gate to the Vaults.
 21394 | D:13     | Identified the +2 ring mail of Elyvilon's Envy {rPois
                  | Str+5}
 21416 | D:14     | Found Kediobeu's Antique Armour Shoppe.
 21416 | D:14     | Noticed Frances
 21422 | D:14     | Slain by a red devil

Illustrated notes

Levels and vault maps discovered:
D:1:      scummos_arrival_simple_fountains, layout_basic,
          shapermc_ecumenical_altar_notcrosses, minmay_cupped
D:2:      layout_basic, st_stairs_11, mrwooster_statue_mirror
D:3:      layout_basic, nicolae_sif_muna_condensation
D:4:      layout_rooms, pf_just_have_faith, zin_academy, okawaru_gym_becter,
          minmay_temple_entry_enclosed_plants, minmay_ogre_servants
D:5:      layout_basic, fedhas_altar_2
D:6:      layout_basic, biasface_ghost_orc_armoury, dk_noncrumbling_4,
          eino_small_chamber_without_monster, sigmund_army
D:7:      layout_loops_corners, general_overflow_altar,
          gammafunk_temple_overflow_elements
D:8:      layout_loops_cross, nicolae_ashenzari_skybound,
          nicolae_ru_path_of_blood, serial_shops, shop, uniq_erica, uniq_maurice
D:9:      layout_long_grid, kennysheep_small_circle, uniq_joseph
D:10:     layout_gridville, orc_0_dummy
D:11:     layout_rooms, lair_entry_dummy
D:12:     layout_basic, uniq_gastronok
D:13:     layout_long_grid, ximxim_vaults_locker_room
D:14:     layout_roguey, serial_shops, shop, hangedman_decor_riveting,
          uniq_azrael, uniq_kirke, uniq_frances
D:15:     gammafunk_depths_entry_grave, layout_cave_pods, elyvilon_altar_5,
          hangedman_abyss_or_decor_lesser_grid, minivault_1,
          minmay_misc_feat_four_crosses, uniq_roxanne
Temple:   minmay_temple_bridge_abc

Skill      XL: |  1  2  3  4  5  6  7  8  9 10 11 12 13 |
---------------+----------------------------------------+-----
Spellcasting   | 3 4 5 7 8 10 11 12 13 | 13.0
Fighting       | 1 2 4 5 6 8 10 11 12 | 12.6
Dodging        | 4 7 9 11 12 | 12.6
Stealth        | |  1.8

Action                   |  1- 3 |  4- 6 |  7- 9 | 10-12 | 13-15 || total
-------------------------+-------+-------+-------+-------+-------++-------
Melee: Unarmed           |    20 |    14 |       |       |       ||    34
       Dagger            |       |       |    99 |    11 |       ||   110
       Scimitar          |       |       |       |    58 |    16 ||    74
 Cast: Foxfire           |    68 |    95 |    59 |    36 |    20 ||   278
       Inner Flame       |       |     4 |    17 |    37 |     9 ||    67
       Sting             |       |     4 |    12 |     6 |       ||    22
       Wereblood         |       |     1 |     1 |       |       ||     2
       Sticky Flame      |       |       |    38 |    39 |    15 ||    92
       Slow              |       |       |     7 |     3 |       ||    10
       Conjure Flame     |       |       |     2 |       |       ||     2
       Fireball          |       |       |     4 |    32 |    28 ||    64
       Summon Forest     |       |       |       |     9 |     4 ||    13
       Gell's Gravitas   |       |       |       |     2 |       ||     2
       Iskenderun's Batt |       |       |       |       |     4 ||     4
Evoke: Wand              |       |       |     1 |     9 |     1 ||    11
  Use: Potion            |       |     2 |       |     3 |       ||     5
       Scroll            |       |       |       |    15 |     1 ||    16
 Stab: Sleeping          |     1 |       |     2 |       |       ||     3
Armor: Robe              |     8 |     2 |    54 |    36 |     7 ||   107
       Ring mail         |       |       |       |       |     2 ||     2
Dodge: Dodged            |    36 |    41 |   109 |   168 |    63 ||   417
       Repelled          |       |       |       |       |     2 ||     2
       Rpst.: Scimitar   |       |       |       |    25 |    18 ||    43

Table legend: (Time is in decaauts)
 A = Elapsed time spent in this place.
 B = Non-inter-level travel time spent in this place.
 C = Inter-level travel time spent in this place.
 D = Time resting spent in this place.
 E = Time spent auto-exploring this place.
 F = Levels seen in this place.
 G = Mean time per level.
                   A        B        C        D        E       F      G
               +--------+--------+--------+--------+--------+-----+--------+
         Total |  21629 |  21078 |    551 |   4678 |  14285 |  16 | 1351.8 |
       Dungeon |  21527 |  20995 |    532 |   4678 |  14208 |  15 | 1435.1 |
        Temple |    101 |     82 |     19 |      0 |     77 |   1 |  101.0 |
               +--------+--------+--------+--------+--------+-----+--------+

Top non-repeatable levels by time:
     D:5: 2470 daAuts
    D:12: 2454 daAuts
     D:6: 2068 daAuts
     D:7: 2037 daAuts
     D:3: 1661 daAuts
    D:13: 1622 daAuts
     D:8: 1614 daAuts
     D:9: 1405 daAuts
     D:2: 1370 daAuts
    D:11: 1296 daAuts
     D:4: 1178 daAuts
    D:10: 1062 daAuts
     D:1: 967 daAuts
    D:15: 227 daAuts
  Temple: 101 daAuts
